Map: Catalyst LE

Players

DnS - Winner!

  • Race: Protoss Protoss
  • Spawn Location: 11:00

Raze

  • Race: Protoss Protoss
  • Spawn Location: 5:00

Event: WCS Austin 2018

VOD

Have the link to the VOD?

Description

Time

  • Played on: June 1, 2018, 4:44 p.m.
  • Length: 4:52

All games in this series

Show
View Real Time Build Order
Export as new Build Order

DnS Protoss - Winner!

Build Orders:  

Get SALT Encoding   

  12  0:00  Probe  
  13  0:12  Probe  
  14  0:17  Pylon  
  14  0:24  Probe  
  15  0:32  Probe  
  15  0:37  Gateway  
  15  0:40  Probe  
  16  0:46  Assimilator  
  17  0:50  Probe  
  18  0:59  Probe  
  19  1:04  Assimilator  
  19  1:07  Probe  
  20  1:15  Gateway  
  20  1:17  Probe  
  21  1:29  Cybernetics Core  
  21  1:35  Probe  
  22  1:40  Pylon  
  22  1:49  Probe  
  23  1:58  Warp Gate  
  23  2:05  Stalker  
  23  2:06  Stalker  
  27  2:11  Probe  
  28  2:16  Pylon  
  28  2:35  Stalker  
  28  2:36  Stalker  
  32  2:50  Robotics Facility  
  32  2:53  Shield Battery  
  32  3:05  Stalker  
  32  3:06  Stalker  
  34  3:27  Immortal  
  38  3:47  Pylon  
  38  4:02  Nexus, Warp Prism  
  38  4:06  Sentry  
  38  4:07  Sentry  
  44  4:21  Pylon  
  43  4:30  Sentry  
  45  4:32  Stalker  
  47  4:39  Probe  
Show
View Real Time Build Order
Export as new Build Order

Raze Protoss 

Build Orders:  

Get SALT Encoding   

  12  0:00  Probe  
  13  0:12  Probe  
  14  0:18  Pylon  
  14  0:23  Probe  
  15  0:32  Probe  
  15  0:39  Gateway  
  15  0:40  Probe  
  17  0:51  Pylon  
  17  0:53  Probe  
  18  0:59  Assimilator  
  18  1:10  Gateway  
  18  1:19  Gateway  
  18  1:22  Probe  
  19  1:35  Cybernetics Core  
  19  1:37  Probe  
  20  1:49  Probe  
  21  1:54  Assimilator  
  21  2:01  Probe  
  22  2:09  Probe  
  22  2:11  Stalker, Warp Gate  
  22  2:12  Stalker  
  27  2:16  Pylon  
  27  2:26  Probe  
  28  2:40  Shield Battery  
  28  2:44  Stalker x2  
  32  3:16  Nexus  
  30  3:28  Probe  
  30  3:29  Stargate  
  31  3:35  Pylon  
  31  3:36  Sentry  
  33  3:49  Probe  
  28  4:03  Oracle, Probe  
  29  4:12  Shield Battery  
  29  4:13  Shield Battery  
  29  4:16  Stalker  
  34  4:21  Shield Battery  
  34  4:24  Probe  
  35  4:29  Probe  
  36  4:36  Probe  
  37  4:43  Stalker  
Tags
 
Add a new tag
Caveats
  • Supply blocks, unpowered buildings, or Contaminate may cause inaccurate times.
  • Supply counts are checked every 10 seconds.